 Dungeon Crawl Stone Soup version 0.28.0-53-g5a82cb258f (webtiles) character file.

Game seed: 15035676676195522542

177 Legadrian the Skirmisher (level 5, -1/46 HPs)
             Began as a Human Fighter on June 30, 2022.
             Slain by an ogre
             ... wielding a +0 giant club
              (19 damage)
             ... on level 3 of the Dungeon.
             The game lasted 00:07:18 (2070 turns).

Legadrian the Skirmisher (Human Fighter)            Turns: 2070, Time: 00:07:18

Health: -1/46      AC:  9    Str: 18    XL:     5   Next: 88%
Magic:  5/5        EV:  6    Int:  9    God:
Gold:   76         SH:  4    Dex: 12    Spells: 4/4 levels left

rFire   . . .      SeeInvis .   a - +3 flail
rCold   . . .      Faith    .   c - +0 buckler
rNeg    . . .      Spirit   .   q - +0 chain mail
rPois   .          Reflect  .   (no helmet)
rElec   .          Harm     .   (no cloak)
rCorr   +          Rampage  .   (no gloves)
Will    +....                   (no boots)
Stlth   ..........              (no amulet)
HPRegen 0.15/turn               j - ring of resist corrosion
MPRegen 0.09/turn               p - ring of willpower

@: mighty
A: no striking features
a: no special abilities


You were on level 3 of the Dungeon.
You visited 1 branch of the dungeon, and saw 3 of its levels.

You collected 76 gold pieces.

Inventory:

Hand Weapons
 a - a +3 flail (weapon)
 i - a +0 long sword
 l - a +0 hand axe
 m - a +0 trident
Armour
 b - a +0 scale mail
 c - a +0 buckler (worn)
 q - a +0 chain mail (worn)
Magical Staves
 k - a staff of conjuration
Jewellery
 j - a ring of resist corrosion (left hand)
 p - a ring of willpower (right hand)
Scrolls
 f - a scroll of amnesia
 g - a scroll of teleportation
 h - 4 scrolls of identify
 n - a scroll of fear
 r - 2 scrolls of vulnerability
Potions
 d - a potion of might
 e - a potion of resistance
 o - a potion of degeneration


   Skills:
 + Level 6.1 Fighting
 - Level 2.0 Maces & Flails
 - Level 3.0 Armour
 - Level 3.0 Shields


You had 4 spell levels left.
You didn't know any spells.
Your spell library contained the following spells:

 Spells                   Type           Power      Damage    Failure   Level
 Tukima's Dance           Hex            0%         N/A       100%        3
 Anguish                  Hex/Necr       0%         N/A       100%        4
 Cause Fear               Hex            0%         N/A       100%        4
 Dragon Form              Tmut           0%         N/A       100%        7
 Enfeeble                 Hex            0%         N/A       100%        7
 Dragon's Call            Summ           0%         N/A       100%        9


Dungeon Overview and Level Annotations

Branches:
Dungeon (3/15)

Altars:


Message History

Okay, then.
You now have 69 gold pieces (gained 8).
Found a stone staircase leading down.
You now have 76 gold pieces (gained 7).
You open the door.
An ogre and 8 goblins come into view.
The ogre shouts!
The goblin shouts! x5
Found 8 large rocks and 10 gold pieces.
You hit the goblin but do no damage. The goblin hits you but does no damage.
The goblin barely misses you.
You hit the goblin.
The goblin is severely wounded.
The goblin hits you but does no damage. The goblin barely misses you.
You sock the goblin!
You kill the goblin!
You completely miss the goblin. The goblin barely misses you.
The goblin hits you but does no damage. x2
You thump the goblin!
You kill the goblin!
The goblin barely misses you.
The ogre hits you with a +0 giant club!!
Ouch! That really hurt!
You closely miss the goblin. You block the goblin's attack.
The ogre hits you with a +0 giant club!
* * * LOW HITPOINT WARNING * * *
The goblin hits you but does no damage. The goblin closely misses you.
You barely miss the goblin. The goblin hits you with a +0 club.
A kobold comes into view. It is wielding a +0 dagger.
The kobold throws a stone.
The stone hits you but does no damage.
The kobold throws a stone.
The stone hits you but does no damage.
You feel very mighty all of a sudden. The goblin closely misses you.
You bludgeon the goblin!!
You kill the goblin!
You barely miss the ogre. You block the ogre's attack.
You bludgeon the ogre!!
The ogre is almost dead.
The ogre hits you with a +0 giant club!!
You die...

##### ....# .... ... ## ..
... ##.# .... #..# ......#@#
......#O## ... .......gg# ..
K....K#g.### #.#
########.###g...# # ..
#.....##.##..##.# #.### #.
#.....##.##g###.# #....####.
#............O..# ####......
#.....##..#.g#######.........


You could see an ogre, 5 goblins and a kobold.

Vanquished Creatures
  An ice beast (D:3)
  A jelly (D:3)
  An adder (D:3)
  A dart slug (D:1)
  4 endoplasms
  5 goblins
  7 hobgoblins
  2 kobolds
  3 quokkas
  6 ball pythons
  2 bats (D:1)
  3 frilled lizards
  4 rats
40 creatures vanquished.

Notes
Turn   | Place    | Note
-------+----------+-------------------------------------------
     0 | D:1      | Legadrian the Human Fighter began the quest for the Orb.
     0 | D:1      | Reached XP level 1. HP: 18/18 MP: 1/1
    88 | D:1      | Reached XP level 2. HP: 24/24 MP: 2/2
   508 | D:1      | Reached skill level 4 in Fighting
   508 | D:1      | Reached XP level 3. HP: 30/30 MP: 3/3
  1829 | D:3      | Noticed an ice beast
  1836 | D:3      | Killed an ice beast
  1837 | D:3      | Reached skill level 5 in Fighting
  1837 | D:3      | Reached XP level 4. HP: 29/40 MP: 4/4
  1837 | D:3      | Reached XP level 5. HP: 33/46 MP: 5/5
  1849 | D:3      | Reached skill level 6 in Fighting
  2029 | D:3      | Noticed an ogre
  2070 | D:3      | Slain by an ogre

Illustrated notes

Levels and vault maps discovered:
D:1:      psy_arrival_whirlpool, layout_basic
D:2:      layout_basic, nicolae_elevator_lobby_asterisk
D:3:      layout_rooms, minmay_ogre_servants

Skill      XL: |  1  2  3  4  5 |
---------------+----------------+-----
Fighting       | 4 5 6 |  6.1
Maces & Flails | |  2.0
Armour         | |  3.0
Shields        | |  3.0

Action                   |  1- 3 |  4- 6 || total
-------------------------+-------+-------++-------
Melee: Flail             |    91 |    15 ||   106
  Use: Scroll            |    10 |       ||    10
       Potion            |     1 |     1 ||     2
Armor: Scale mail        |    41 |       ||    41
       Chain mail        |     2 |    10 ||    12
Dodge: Dodged            |    38 |     6 ||    44
Block: Buckler           |    16 |     2 ||    18
